 Dungeon Crawl Stone Soup version 0.31-a0-542-gdc2a67831c (webtiles) character file.

Game seed: 18148577475188702074

137 dialectric the Ruffian (level 5, -1/40 HPs)
             Began as a Minotaur Shapeshifter on Aug 14, 2023.
             Was a Believer of Elyvilon.
             Killed from afar by Ijyb (13 damage)
             ... with a bolt of light
             ... on level 3 of the Dungeon.
             The game lasted 00:02:16 (1980 turns).

dialectric the Ruffian (Minotaur Shapeshifter)      Turns: 1980, Time: 00:02:17

Health: -1/40      AC:  3    Str: 21    XL:     5   Next: 0%
Magic:  4/4        EV: 12    Int:  5    God:    Elyvilon [**....]
Gold:   115        SH:  0    Dex: 11    Spells: 4/4 levels left

rFire   . .          .
                       - Unarmed
rCold   . . .        (no shield)
rNeg    . . .        j - +1 robe {Will+}
rPois   .            (helmet currently unavailable)
rElec   .            (cloak currently unavailable)
rCorr   +            (gloves currently unavailable)
SInv    .            (boots currently unavailable)
Will    +....        (no amulet)
Stlth   +            g - ring of resist corrosion
HPRegen 0.26/turn    (no ring)
MPRegen 0.09/turn

%: no passive effects
@: confused, beast-form
A: beast (slay +2), horns 2, retaliatory headbutt
a: Begin Untransformation, Renounce Religion, Purification, Heal Other


You were on level 3 of the Dungeon.
You worshipped Elyvilon.
Elyvilon was pleased with you.
You were a hulking beast.
You visited 1 branch of the dungeon, and saw 3 of its levels.

You collected 115 gold pieces.

Inventory:

Missiles
 k - 4 curare-tipped darts
Armour
 a - a +0 animal skin
 j - a +1 robe of willpower (worn)
Jewellery
 g - a ring of resist corrosion (left hand)
Talismans
 c - a beast talisman (active)
 d - a flux talisman
Scrolls
 e - a scroll of enchant weapon {unknown}
 f - a scroll of enchant armour {unknown}
 h - a scroll of amnesia {unknown}
Potions
 b - a potion of degeneration {unknown}
 i - a potion of might {unknown}


   Skills:
 + Level 1.4 Fighting
 + Level 2.8 Dodging
 + Level 5.1 Unarmed Combat
 + Level 3.0 Shapeshifting


You had 4 spell levels left.
You didn't know any spells.
Your spell library was empty.

Dungeon Overview and Level Annotations

Branches:
Dungeon (3/15)

Altars:
Ashenzari
Elyvilon
Kikubaaqudgha
Makhleb
Wu Jian
Zin

Shops:
D:1 [*

Annotations:
D:3 Ijyb


Innate Abilities, Weirdness & Mutations

You are a hulking beast.
Your limbs bulge with bestial killing power. (Slay +2)
You have a pair of horns on your head.
You reflexively headbutt those who attack you in melee.


Message History

No target in view!
No target in view!
No target in view!
No target in view!
No target in view!
Found a glowing silver altar of Zin.
Found a broken altar of Ashenzari.
Things that are here:
a +0 dagger; 2 stones; a kobold corpse You see here 8 stones.
You see here a scarf of harm.
Ijyb the Twisted Goblin comes into view.
She is wielding a +0 dagger and carrying a wand of light.
Ijyb shouts!
You hear a shout!
Ijyb screams, "I no like you!"
Ijyb is nearby!
Ijyb is nearby!
Ijyb zaps a wand.
The bolt of light misses you.
You hit Ijyb but do no damage.
Ijyb zaps a wand.
The bolt of light hits you!
You barely miss Ijyb. Ijyb hits you but does no damage.
You barely miss Ijyb.
Unknown command.
Okay, then.
You completely miss Ijyb. You headbutt Ijyb.
Ijyb is lightly wounded.
Ijyb zaps a wand.
The bolt of light hits you!
You barely miss Ijyb. You headbutt Ijyb.
Ijyb is moderately wounded.
Ijyb hits you with a +0 dagger.
You closely miss Ijyb.
Ijyb is moderately wounded.
Ijyb misses you.
You completely miss Ijyb.
Ijyb is moderately wounded.
Ijyb hits you with a +0 dagger.
* * * LOW HITPOINT WARNING * * *
You barely miss Ijyb.
Ijyb is moderately wounded.
Ijyb zaps a wand.
The bolt of light hits you!
You are confused.
You die...

... #.# #.#
#.# ##.## ...#
#g.# #h.#
####..#
######[....#
#........#.#
#.####.#......
########.#
#.###.###
.(.......# #.#
.# .#########
#.# .#
.####### #.#
.#


You could see Ijyb.

Vanquished Creatures
  4 gnolls (D:2)
  3 adders
  3 adder skeletons (D:2)
  A worm (D:3)
  2 dart slugs (D:1)
  6 bats
  4 endoplasms
  3 giant cockroaches
  4 goblins
  5 hobgoblins
  6 jackals (D:1)
  2 quokkas (D:1)
  3 ball pythons
  A frilled lizard (D:1)
  8 kobolds
  5 rats
60 creatures vanquished.

Notes
Turn   | Place    | Note
-------+----------+-------------------------------------------
     0 | D:1      | dialectric the Minotaur Shapeshifter began the quest for
                  | the Orb.
     0 | D:1      | Reached XP level 1. HP: 16/16 MP: 0/0
    64 | D:1      | Found Hagheap's Assorted Antiques.
    97 | D:1      | Reached XP level 2. HP: 18/23 MP: 1/1
   351 | D:1      | Found a faded altar of an unknown god.
   378 | D:1      | Prayed at the altar of an unknown god.
   378 | D:1      | Became a worshipper of Elyvilon the Healer
   378 | D:1      | Reached * piety under Elyvilon
   457 | D:1      | Reached XP level 3. HP: 28/28 MP: 2/2
   483 | D:1      | Found Epinimel's Antique Armour Shop.
   935 | D:2      | Reached skill level 4 in Unarmed Combat
  1189 | D:2      | Reached XP level 4. HP: 30/35 MP: 3/3
  1305 | D:2      | Reached ** piety under Elyvilon
  1490 | D:2      | Reached skill level 5 in Unarmed Combat
  1891 | D:3      | Reached XP level 5. HP: 40/40 MP: 4/4
  1903 | D:3      | Found an ornate altar of the Wu Jian Council.
  1905 | D:3      | Found a burning altar of Makhleb.
  1909 | D:3      | Found an ancient bone altar of Kikubaaqudgha.
  1910 | D:3      | Found a glowing silver altar of Zin.
  1914 | D:3      | Found a broken altar of Ashenzari.
  1970 | D:3      | Noticed Ijyb
  1980 | D:3      | Killed from afar by Ijyb

Illustrated notes

Levels and vault maps discovered:
D:1:      dpeg_arrival_court, layout_loops_ring, serial_shops,
          nicolae_shop_tiny_glass, shop, shapermc_ecumenical_altar_totnotflames,
          minmay_3d_cube
D:2:      layout_loops_ring, serial_undead, serial_undead_c, serial_undead_c,
          serial_undead_a, serial_undead_d, kennysheep_big_empty_room
D:3:      layout_loops_ring, grunt_temple_overflow_cloverleaf, minitemple,
          uniq_ijyb

Skill      XL: |  1  2  3  4 |
---------------+-------------+-----
Unarmed Combat | 4 5 |  5.1
Shapeshifting  | 3 |  3.0
Fighting       | |  1.4
Dodging        | |  2.8

Action                     |  1- 3 |  4- 6 || total
---------------------------+-------+-------++-------
  Melee: Unarmed           |    74 |    47 ||   121
         Headbutt          |    13 |     6 ||    19
    Use: Potion            |       |     1 ||     1
   Stab: Sleeping          |     1 |       ||     1
 Armour: Animal skin       |    19 |     2 ||    21
         Robe              |       |     6 ||     6
         Skin              |       |     4 ||     4
  Dodge: Dodged            |    37 |    21 ||    58

Table legend: (Time is in decaauts)
 A = Elapsed time spent in this place.
 B = Non-inter-level travel time spent in this place.
 C = Inter-level travel time spent in this place.
 D = Time resting spent in this place.
 E = Time spent auto-exploring this place.
 F = Levels seen in this place.
 G = Mean time per level.
                   A        B        C        D        E       F      G
               +--------+--------+--------+--------+--------+-----+--------+
         Total |   1969 |   1916 |     53 |     18 |   1568 |   3 |  656.3 |
       Dungeon |   1969 |   1916 |     53 |     18 |   1568 |   3 |  656.3 |
               +--------+--------+--------+--------+--------+-----+--------+

Top non-repeatable levels by time:
     D:1: 893 daAuts
     D:2: 829 daAuts
     D:3: 247 daAuts
